 Dungeon Crawl Stone Soup version 0.30-a0-137-gd8773701ce (webtiles) character file.

Game seed: 15581959772831245908

7 IdlyInterested the Cutter (level 1, 0/16 HPs)
             Began as a Demonspawn Gladiator on Sept 22, 2022.
             Slain by a gnoll
             ... wielding a +0 flail
              (11 damage)
             ... on level 1 of the Dungeon.
             The game lasted 00:01:22 (474 turns).

IdlyInterested the Cutter (Demonspawn Gladiator)     Turns: 474, Time: 00:01:22

Health: 0/16       AC:  5    Str: 14    XL:     1   Next: 91%
Magic:  1/1        EV: 12    Int:  9    God:
Gold:   41         SH:  0    Dex: 14    Spells: 0/0 levels left

rFire   + . .      SeeInvis .    a - +0 rapier
rCold   . . .      Faith    .    (no shield)
rNeg    . . .      Spirit   .    m - +0 leather armour {rF+}
rPois   .          Reflect  .    c - +0 helmet
rElec   .          Harm     .    (no cloak)
rCorr   .          Rampage  .    g - +0 pair of gloves
Will    .....                    (no boots)
Stlth   ++........               (no amulet)
HPRegen 0.05/turn                (no ring)
MPRegen 0.07/turn                (no ring)

@: no status effects
A: no striking features
a: no special abilities


You were on level 1 of the Dungeon.
You visited 1 branch of the dungeon, and saw 1 of its levels.

You collected 41 gold pieces.

Inventory:

Hand Weapons
 a - a +0 rapier (weapon)
 l - a +0 dagger
Missiles
 d - 3 throwing nets (quivered)
 e - a javelin
Armour
 b - a +0 leather armour
 c - a +0 helmet (worn)
 g - a +0 pair of gloves (worn)
 m - a +0 leather armour of fire resistance (worn)
Jewellery
 i - an amulet of regeneration
Scrolls
 h - a scroll of torment {unknown}
 k - a scroll of blinking {unknown}
Potions
 f - a potion of heal wounds {unknown}
 j - a potion of attraction {unknown}


   Skills:
 - Level 2.0 Fighting
 + Level 2.8 Short Blades
 - Level 1.7 Throwing
 - Level 2.6 Dodging
 * Level 1.2 Stealth


You couldn't memorise any spells.
You didn't know any spells.
Your spell library was empty.

Dungeon Overview and Level Annotations

Branches:
Dungeon (1/15)

Altars:


Message History

A goblin comes into view. It is wielding a +0 dagger.
The goblin shouts!
You hit the goblin but do no damage. The goblin hits you but does no damage.
You puncture the goblin!
You kill the goblin!
Things that are here:
a +0 dagger; a goblin corpse
l - a +0 dagger You see here a +0 leather armour of fire resistance.
m - a +0 leather armour of fire resistance You start removing your armour.
You continue taking off your +0 leather armour. x4
You finish taking off your +0 leather armour.
You start putting on your armour.
You continue putting on your +0 leather armour of fire resistance. x5
You finish putting on your +0 leather armour of fire resistance.
You feel resistant to fire.
A ball python comes into view.
The ball python hisses angrily.
You puncture the ball python!
You kill the ball python!
Found a stone staircase leading down.
There is a stone staircase leading down here.
You now have 41 gold pieces (gained 2).
A gnoll comes into view. It is wielding a +0 flail.
The gnoll shouts!
You hit the gnoll.
The gnoll is moderately wounded.
The gnoll hits you with a +0 flail.
You closely miss the gnoll.
The gnoll is moderately wounded.
The gnoll completely misses you.
You completely miss the gnoll.
The gnoll is moderately wounded.
The gnoll hits you with a +0 flail.
You hit the gnoll.
The gnoll is heavily wounded.
The gnoll hits you with a +0 flail!
Ouch! That really hurt!
You die...

#.# #...# #.# #...#
... #...#
##########...# ###
.............+ ..#
..###........###.#
................>#
....#.....##.###g#
.#..#...#.##+###@#
#..#.........##.#
#..#.)....... #.#
#............##.#
#.......###.###.#
#.......###.# #.#
#..†........# #.#
#.......#######.#####
#...................#


You could see a gnoll.

Vanquished Creatures
  2 ball pythons (D:1)
  A goblin (D:1)
  A hobgoblin (D:1)
  A quokka (D:1)
  A bat (D:1)
  A rat (D:1)
7 creatures vanquished.

Notes
Turn   | Place    | Note
-------+----------+-------------------------------------------
     0 | D:1      | IdlyInterested the Demonspawn Gladiator began the quest for
                  | the Orb.
     0 | D:1      | Reached XP level 1. HP: 16/16 MP: 1/1
   250 | D:1      | Reached skill level 1 in Stealth
   474 | D:1      | Slain by a gnoll

Illustrated notes

Levels and vault maps discovered:
D:1:      lightli_arrival_flooded_house, layout_basic, serial_bayou_pond_e,
          roderic_lattice_a, feat_on_display

Skill      XL: |  1 |
---------------+----+-----
Stealth        | 1 |  1.2
Fighting       | |  2.0
Short Blades   | |  2.8
Throwing       | |  1.7
Dodging        | |  2.6

Action                   || total
-------------------------++-------
Melee: Rapier            ||    25
Armor: Leather armour    ||    12
Dodge: Dodged            ||    16

Table legend: (Time is in decaauts)
 A = Elapsed time spent in this place.
 B = Non-inter-level travel time spent in this place.
 C = Inter-level travel time spent in this place.
 D = Time resting spent in this place.
 E = Time spent auto-exploring this place.
 F = Levels seen in this place.
 G = Mean time per level.
                   A        B        C        D        E       F      G
               +--------+--------+--------+--------+--------+-----+--------+
         Total |    476 |    476 |      0 |      0 |    367 |   1 |  476.0 |
       Dungeon |    476 |    476 |      0 |      0 |    367 |   1 |  476.0 |
               +--------+--------+--------+--------+--------+-----+--------+

Top non-repeatable levels by time:
     D:1: 476 daAuts
